 Dungeon Crawl Stone Soup version 0.28.0-1-gb440e238dd (webtiles) character file.

Game seed: 1088564757776517669

161 danielguo94 the Cudgeller (level 5, 0/33 HPs)
             Began as a Gargoyle Berserker on Feb 19, 2022.
             Was a Believer of Trog.
             Killed from afar by an orc wizard (4 damage)
             ... with a magic dart
             ... on level 3 of the Dungeon.
             The game lasted 00:04:37 (2150 turns).

danielguo94 the Cudgeller (Gargoyle Berserker)      Turns: 2150, Time: 00:04:38

Health: 0/33       AC:  6    Str: 23    XL:     5   Next: 42%
Magic:  5/5        EV:  7    Int:  7    God:    Trog [**....]
Gold:   83         SH:  0    Dex:  9    Spells: 4/4 levels left

rFire   . . .      SeeInvis .   a - +0 mace
rCold   . . .      Faith    .   l - +5 tower shield "Lycher" {rElec Stlth+}
rNeg    + . .      Spirit   .   b - +0 animal skin
rPois   ∞          Reflect  .   (no helmet)
rElec   +          Harm     .   (no cloak)
rCorr   .          Rampage  .   (no gloves)
Will    .....                   (no boots)
Stlth   ++........              (no amulet)
HPRegen 0.11/turn               (no ring)
MPRegen 0.09/turn               (no ring)

@: confused, on berserk cooldown, slowed, very slow
A: sickness immunity, AC +4, negative energy resistance 1, electricity
resistance, torment resistance 1, petrification resistance
a: Renounce Religion, Berserk, Trog's Hand


You were on level 3 of the Dungeon.
You worshipped Trog.
Trog was pleased with you.
You visited 1 branch of the dungeon, and saw 3 of its levels.

You collected 83 gold pieces.

Inventory:

Hand Weapons
 a - a +0 mace (weapon)
Missiles
 d - 50 stones (quivered)
 f - 9 poisoned darts
Armour
 b - a +0 animal skin (worn)
 l - the +5 tower shield "Lycher" (worn) {rElec Stlth+}
   (You found it on level 3 of the Dungeon)

   rElec:     It insulates you from electricity.
   Stlth:     It makes you more stealthy.
Jewellery
 e - a +6 ring of intelligence
 i - a +4 ring of evasion
Scrolls
 c - a scroll of enchant armour {unknown}
 g - a scroll of blinking {unknown}
 j - a scroll of teleportation {unknown}
 k - 2 scrolls of fog {unknown}
 m - a scroll of amnesia {unknown}
Potions
 h - a potion of haste {unknown}


   Skills:
 + Level 4.3 Fighting
 + Level 4.5 Maces & Flails
 + Level 2.3 Armour
 + Level 2.6 Dodging
 + Level 0.4 Shields


You had 4 spell levels left.
You didn't know any spells.
Your spell library was empty.

Dungeon Overview and Level Annotations

Branches:
Dungeon (3/15)

Altars:


Innate Abilities, Weirdness & Mutations

You are immune to sickness and miasma.
Your stone body is resilient. (AC +4)
You are immune to poison.
You resist negative energy. (rN+)
You are resistant to electric shocks. (rElec)
You are resistant to unholy torment.
You are immune to petrification.


Message History

You are too injured to fight recklessly!
You are too injured to fight recklessly!
You are too injured to fight recklessly!
You are too injured to fight recklessly!
You are too injured to fight recklessly!
You are too injured to fight recklessly!
You are too injured to fight recklessly!
You are too injured to fight recklessly!
You are too injured to fight recklessly!
You are too injured to fight recklessly!
You are too injured to fight recklessly!
You are too injured to fight recklessly!
You are too injured to fight recklessly!
A red film seems to cover your vision as you go berserk!
You feel yourself moving faster!
You feel mighty! Something hits you. You block something's attack.
You miss something.
You hear some strange, mumbled words.
You are confused.
You hit something. Something hits you.
The orc throws a boomerang.
The boomerang barely misses you.
You closely miss something. Something hits you.
* * * LOW HITPOINT WARNING * * *
The orc hits you but does no damage.
You hear some strange, mumbled words.
A puff of flame appears from out of thin air!
The puff of flame hits you.
* * * LOW HITPOINT WARNING * * *
You bump into the rock wall.
You feel a strong urge to attack something.
The orc hits you with a +0 club.
* * * LOW HITPOINT WARNING * * *
You are no longer berserk.
You are exhausted.
You feel yourself slow down.
You're too confused to move!
You hear some strange, mumbled words.
A magic dart appears from out of thin air!
The magic dart hits you.
You die...

## ######## .
#.###......# ######
..####..........#
#..... [......
#.......# #.....
.......##@......##
#.....
.....o.oo{...†.>.##
#.....
.......##...).....#
#.#### ###+##.
#.........# #.# #.
#.......#.###'#### #.
#.......#.........
.....#######.........
.#.### ##........)
(#. ...........


You could see 3 orcs.

Vanquished Creatures
  Jessica (D:2)
  An orc wizard (D:3)
  4 adders (D:2)
  A worm (D:2)
  4 dart slugs (D:1)
  5 orcs (D:3)
  4 ball pythons
  9 endoplasms
  4 giant cockroaches
  3 goblins
  A hobgoblin (D:2)
  7 kobolds
  A quokka (D:3)
  7 bats
  4 frilled lizards
  4 rats
60 creatures vanquished.

Notes
Turn   | Place    | Note
-------+----------+-------------------------------------------
     0 | D:1      | danielguo94 the Gargoyle Berserker began the quest for the
                  | Orb.
     0 | D:1      | Reached XP level 1. HP: 14/14 MP: 1/1
    35 | D:1      | Found a faded altar of an unknown god.
   116 | D:1      | Reached XP level 2. HP: 17/19 MP: 2/2
   330 | D:1      | Reached XP level 3. HP: 13/23 MP: 3/3
   858 | D:2      | Reached XP level 4. HP: 29/29 MP: 4/4
   871 | D:2      | Noticed Jessica
   878 | D:2      | Killed Jessica
   899 | D:2      | Reached ** piety under Trog
  1511 | D:2      | Reached XP level 5. HP: 33/33 MP: 5/5
  1760 | D:3      | Identified the +5 tower shield "Lycher" {rElec Stlth+}
  2150 | D:3      | Killed from afar by an orc wizard

Illustrated notes

Levels and vault maps discovered:
D:1:      kennysheep_arrival_seaside, layout_basic, serial_curves,
          eino_curves_02, eino_curves_04, ebering_ecumenical_altar_webs
D:2:      layout_basic, uniq_jessica
D:3:      layout_basic

Skill      XL: |  1  2  3  4 |
---------------+-------------+-----
Fighting       | 4 |  4.3
Dodging        | 2 |  2.6
Maces & Flails | 4 |  4.5
Armour         | |  2.3
Shields        | |  0.4

Action                   |  1- 3 |  4- 6 || total
-------------------------+-------+-------++-------
Melee: Mace              |    94 |   116 ||   210
Invok: Berserk           |     2 |     2 ||     4
       Trog's Hand       |       |     1 ||     1
 Stab: Sleeping          |     1 |     1 ||     2
Armor: Animal skin       |    47 |    49 ||    96
Dodge: Dodged            |    79 |    52 ||   131
Block: Tower shield      |       |    48 ||    48
